 Dungeon Crawl Stone Soup version 0.23-b1-67-g8bd44de (webtiles) character file.

Game seed: 2364431594566304464

63 infcreate the Conjurer (level 3, -1/19 HPs)
             Began as a Deep Elf Conjurer on Feb 5, 2019.
             Killed from afar by Ijyb (4 damage)
             ... with a wand of flame (16)
             ... on level 3 of the Dungeon.
             The game lasted 00:08:26 (1563 turns).

infcreate the Conjurer (Deep Elf Conjurer)          Turns: 1563, Time: 00:08:26

Health: -1/19      AC:  3    Str:  5    XL:     3   Next: 89%
Magic:  0/10       EV: 13    Int: 20    God:
Gold:   146        SH:  0    Dex: 15    Spells: 3/9 levels left

rFire    + . .     SeeInvis .   (no weapon)
rCold    . . .     Gourm    .   (no shield)
rNeg     + . .     Faith    .   a - +0 robe
rPois    .         Spirit   .   q - +0 helmet
rElec    .         Reflect  .   (no cloak)
rCorr    .         Harm     .   (no gloves)
MR       .....                  (no boots)
Stlth    ++........             (no amulet)
HPRegen  0.06/turn              k - ring of protection from fire
MPRegen  0.12/turn              m - ring of positive energy

@: no status effects
A: no striking features
a: no special abilities


You were on level 3 of the Dungeon.
You were not hungry.

You visited 1 branch of the dungeon, and saw 3 of its levels.

You collected 146 gold pieces.

Inventory:

Armour
 a - a +0 robe (worn)
 q - a +0 helmet (worn)
Jewellery
 k - a ring of protection from fire (left hand)
 m - a ring of positive energy (right hand)
Scrolls
 d - 5 scrolls of identify {unknown}
 e - a scroll of enchant armour {unknown}
 f - a scroll of enchant weapon {unknown}
 i - 2 scrolls of remove curse {unknown}
 j - a scroll of random uselessness {unknown}
 n - a scroll of fog {unknown}
 o - 4 scrolls of teleportation {unknown}
Potions
 b - 4 potions of degeneration {unknown}
 g - 2 potions of mutation {unknown}
 h - a potion of might {unknown}
 l - 2 potions of magic {unknown}
 p - a potion of haste {unknown}
Comestibles
 c - 3 rations


   Skills:
 * Level 3.1 Dodging
 + Level 2.6 Stealth
 + Level 3.6 Spellcasting
 + Level 5.4 Conjurations


You had 3 spell levels left.
You knew the following spells:

 Your Spells              Type           Power        Failure   Level  Hunger
a - Magic Dart            Conj           ####         1%          1    None
b - Searing Ray           Conj           ####..       2%          2    ##.....
c - Dazzling Spray        Conj/Hex       ##....       13%         3    ###....

Your spell library contained the following spells:

 Spells                   Type           Power        Failure   Level  Hunger
 Iskenderun's Mystic Bla  Conj           ####....     14%         4    ####...
 Force Lance              Conj/Tloc      ##......     41%         4    ####...
 Fulminant Prism          Conj/Hex       ##........   41%         4    ####...


Dungeon Overview and Level Annotations

Branches:
Dungeon (3/15)

Altars:

Annotations:
D:3 Ijyb


Message History

Aiming: Searing Ray (safe; 2% risk of failure)
Press: ? - help, Shift-Dir - straight line, f - Ijyb
Aim: Ijyb, wearing a +0 leather armour and carrying a wand of flame (18) (moderately wounded)
The searing ray misses Ijyb. (Press . to maintain the ray.)
Casting: Searing Ray (safe; 2% risk of failure)
Confirm with . or Enter, or press ? or * to list all spells.
Aiming: Searing Ray (safe; 2% risk of failure)
Press: ? - help, Shift-Dir - straight line, f/p - Ijyb
Aim: Ijyb, wearing a +0 leather armour and carrying a wand of flame (18) (moderately wounded)
The searing ray misses Ijyb. (Press . to maintain the ray.) Ijyb zaps a wand.
The puff of flame hits you. You resist.
The searing ray hits Ijyb.
Ijyb is heavily wounded.
Ijyb zaps a wand.
The puff of flame hits you! You resist.
* * * LOW HITPOINT WARNING * * *
You see here a worm corpse.
Ijyb zaps a wand.
The puff of flame hits you. You resist.
You die...

#........## .##..##
#.....##..#####........
#.....###.g............
#.....#######..>.......
#......... #g..)......
#.....###..##†.........
#......##..............
#>......###............
#.÷...#........@.......
#.###########..........
#..# #######..........
##.# #.................
#.# #................#
#.# #.................
#.# #......#..........
#.# #......#...÷......
#.# #...............#.


You could see Ijyb.

Vanquished Creatures
  An adder (D:2)
  An ooze (D:3)
  A worm (D:3)
  2 dart slugs (D:1)
  A ball python (D:1)
  5 bats
  A giant cockroach (D:1)
  3 hobgoblins
  4 jackals
  6 kobolds
  2 quokkas (D:2)
  3 frilled lizards
  5 goblins
  8 rats
43 creatures vanquished.

Notes
Turn   | Place    | Note
-------+----------+-------------------------------------------
     0 | D:1      | infcreate the Deep Elf Conjurer began the quest for the
                  | Orb.
     0 | D:1      | Reached XP level 1. HP: 10/10 MP: 6/6
    73 | D:1      | Reached XP level 2. HP: 10/15 MP: 1/8
   470 | D:1      | Reached skill level 5 in Conjurations
   843 | D:2      | Reached XP level 3. HP: 19/19 MP: 4/9
  1234 | D:3      | Noticed Ijyb
  1346 | D:2      | Learned a level 2 spell: Searing Ray
  1350 | D:2      | Learned a level 3 spell: Dazzling Spray
  1563 | D:3      | Killed from afar by Ijyb

Skill      XL: |  1  2  3 |
---------------+----------+-----
Conjurations   | 5 |  5.4
Dodging        | 3 |  3.1
Stealth        | |  2.6
Spellcasting   | |  3.6

Action                   || total
-------------------------++-------
 Cast: Magic Dart        ||    77
       Searing Ray       ||     4
       Dazzling Spray    ||     1
  Eat: Chunk             ||     2
Armor: Robe              ||     4
Dodge: Dodged            ||    31
